Unix NetHack Version 5.0.0-0 post-release - last build May 17 2026 04:57:42 (dc50c8380fa5e20985bfe3072449f57b8d9895ef,branch:main).

Game began 2026-05-19 09:31:44, ended 2026-05-19 15:34:51.

Anarchos, lawful female dwarven Valkyrie

 -------                                                            --------
 |.....|      ###########################################           +......|
 |.....|    ###         --------------------------------#           |......|
 |.....|   ##           |..............................|#           |......|
 |.....| ###            |.-------|-------------..----- |#           |...<..|
 |.....|##             #..|     ..|.. |.   |..|..|...|  #           ---.----
 |.....|#              #|.|    |..|.. |.   |..-..|...|  #      #       ##
 ---.-.-#              #|.-    ---|.  -.------|..-...|  #   ####        #
     ####              #|..       |.  |.|..|..|.-----|  #   #           ###
      #                #|..       -|---.|..|..|.-%...|  #   #             #
     ##             ####|.     --+-..{.(-.-|..|.|..[.|  #####             #
   ###            ###   |...............%..-|--.|....|  ################  #
  -|---------     #     |.---- ---....--|-......|....|  #            --.--.---
  |.........|     #     |.|.(|   |....|..|-.----------               |.......|
  |.........|    #%     |.|(.|   |....|..|....|                      |.......|
  |.........-####`      |.|..|   |....|.?|....|                      |....>..|
  -----------           |.--|-----..{.---------+------ |             ---------
                        |..%(..u@a%...........G........|
                        --------------------------------

Anarchos the Skirmisher     St:18/01 Dx:12 Co:16 In:10 Wi:9 Ch:10  Lawful
Dlvl:7  $:46 HP:0(57) Pw:6(6) AC:-2 Xp:5 T:2675 

Latest messages:
 The warhorse hits the wolf.
 The warhorse bites the wolf.
 The wolf bites the warhorse.
 The warhorse misses the wolf.
 The warhorse bites the wolf.
 The warhorse hits the wolf.
 The warhorse bites the wolf.
 The warhorse hits the wolf.
 The warhorse bites the wolf.
 The wolf misses the warhorse.
 The warhorse hits it.
 The warhorse picks up a magic whistle.
 You do not owe Cire Htims anything.
 You have a little trouble lifting a wolf corpse.  Continue? [ynq] (q) q
 You see here a wolf corpse.
 There is a wolf corpse here; eat it? [ynq] (n) y
 This wolf corpse is stringy.
 You stop eating the wolf corpse.
 Pick a monster, object or location.
 What do you want to wield? [- aipFG or ?*] a
 a - a greased +1 dwarvish spear (weapon in right hand).
 The wolf bites!
 You hit the wolf!
 The wolf bites!
 You hit the wolf!
 The wolf bites!
 You kill the wolf!
 You hit the wolf!
 The wolf bites!
 You hit the wolf!
 The wolf bites!
 You kill the wolf!
 "Velkommen, Anarchos!  Welcome again to Cire Htims' hardware store!"
 "Velkommen, Anarchos!  Welcome again to Cire Htims' hardware store!"
 The warhorse picks up a leash.
 You stop.  Your warhorse is in the way!
 The warhorse drops a leash.
 You miss the giant beetle.
 The giant beetle bites!
 You miss the giant beetle.
 You hit the giant beetle!
 The giant beetle bites!
 You hit the giant beetle!
 You hit the giant beetle!
 The giant beetle bites!
 You miss the giant beetle.
 The giant beetle bites!
 You die...
 Do you want your possessions identified? [ynq] (y) y
 Do you want to see your attributes? [ynq] (y) q

Inventory:
 Coins    ('$')
  $ - 46 gold pieces
 Amulets  ('"')
  x - an uncursed amulet versus poison (being worn)
 Weapons  (')')
  i - 21 +0 darts (at the ready)
  G - 9 +0 shuriken
  F - 4 +0 daggers
  a - a greased +1 dwarvish spear (weapon in right hand)
  p - 2 +0 orcish daggers
 Armor    ('[')
  H - an uncursed +0 orcish helm (being worn)
  u - a cursed -1 pair of fumble boots
  R - an uncursed +0 pair of iron shoes
  f - a blessed +2 pair of water walking boots (being worn)
  c - an uncursed greased +3 small shield (being worn)
  S - a blessed +1 dwarvish cloak (being worn)
  D - an uncursed greased +0 ring mail (being worn)
 Comestibles  ('%')
  d - 5 uncursed food rations
  P - an uncursed pancake
  q - 2 uncursed lichen corpses
 Scrolls  ('?')
  r - an uncursed scroll of blank paper
  b - a cursed scroll of blank paper
  W - an uncursed scroll of create monster
  J - a blessed scroll of enchant weapon
 Potions  ('!')
  w - an uncursed potion of confusion
  B - a cursed potion of fruit juice
  A - an uncursed potion of gain ability
  k - an uncursed potion of gain level
  C - an uncursed potion of speed
 Rings    ('=')
  O - an uncursed ring of protection from shape changers (on left hand)
 Wands    ('/')
  K - a wand of fire (0:7)
 Tools    ('(')
  Q - a bag of tricks (0:6)
  n - a greased can of grease (0:18)
  L - an uncursed lock pick
  t - a magic marker (0:71)
  E - a magic marker (0:30)
  X - an uncursed stethoscope
  v - an uncursed tin whistle
  N - an uncursed towel
 Gems/Stones  ('*')
  h - an uncursed jet stone
  y - 3 uncursed worthless pieces of red glass
  j - 2 uncursed worthless pieces of yellow glass
  g - 2 uncursed worthless pieces of yellowish brown glass

Anarchos the Valkyrie's attributes:

Background:
 You were a Skirmisher, a level 5 dwarven Valkyrie.
 You were lawful, on a mission for Tyr
 who was opposed by Odin (neutral) and Loki (chaotic).
 You were right-handed.
 You were in the Gnomish Mines, on level 7.
 You entered the dungeon 2675 turns ago.
 There was a new moon in effect when your adventure ended.
 You had 244 experience points, 76 more were needed to attain level 6.

Basics:
 You had 0 out of 57 hit points.
 You had all 6 energy points (spell power).
 Your armor class was -2.
 Your wallet contained 46 zorkmids.
 Autopickup was on for all types.

Final Characteristics:
 Your strength was 18/01 (limit:18/100).
 Your dexterity was 12 (limit:20).
 Your constitution was 16 (limit:20).
 Your intelligence was 10 (limit:16).
 Your wisdom was 9 (limit:16).
 Your charisma was 10 (limit:16).

Final Status:
 You weren't hungry.
 You were unencumbered.
 You were wielding a spear.
 You had basic skill with spear.

Final Attributes:
 You were piously aligned.
 Your items were somewhat protected from fire.
 You were cold resistant.
 Your items were somewhat protected from cold.
 You were poison resistant.
 You saw invisible.
 You had infravision.
 You were stealthy.
 You could walk on water.
 You were warded.
 You were protected from shape changers.
 You are dead.

Miscellaneous:
 You didn't encounter any bones levels.
 Total elapsed playing time was 4 hours, 6 minutes and 5 seconds.

Major events:
 Turn
    1: Anarchos the lawful dwarven Valkyrie entered the dungeon
  697: attained the rank of Skirmisher (level 3)
 1106: entered the Gnomish Mines
 2287: reached Mine Town
 2675: killed by a giant beetle

You didn't know any spells.

Skills:
 Fighting Skills
   bare handed combat [Basic]
   two weapon combat  [Unskilled]
   riding             [Unskilled]
 Weapon Skills
   dagger             [Basic]
   axe                [Unskilled]
   pick-axe           [Unskilled]
   short sword        [Unskilled]
   broadsword         [Unskilled]
   long sword         [Unskilled]
   two-handed sword   [Unskilled]
   saber              [Unskilled]
   hammer             [Unskilled]
   quarterstaff       [Unskilled]
   polearms           [Unskilled]
   spear              [Basic]
   trident            [Unskilled]
   lance              [Unskilled]
   sling              [Unskilled]
 Spellcasting Skills
   attack spells      [Unskilled]
   escape spells      [Unskilled]

Voluntary challenges:
 Character rerolling was not enabled.
 You never genocided any monsters.
 You never polymorphed an object.
 You never changed form.
 You used no wishes.
Achievements:
 You attained the rank of Skirmisher.
 You entered the Gnomish Mines.
 You entered Minetown.
 You entered a temple.
 You entered a shop.

 The Dungeons of Doom: levels 1 to 3
    Level 1:
       A fountain.
    Level 2:
       A fountain.
    Level 3:
       An altar, a sink.
       Stairs down to The Gnomish Mines.
 The Gnomish Mines: levels 4 to 7
    Level 4:
    Level 5:
    Level 6:
    Level 7: <- You were here.
       Some shops, a temple and an altar, some fountains.
       Final resting place for
          you, killed by a giant beetle.


Vanquished creatures:
  3 wolves
  a yellow light
  a shrieker
  2 gnome leaders
  a gray ooze
 an elf zombie
  2 dwarves
  2 rothes
  a giant bat
  5 monkeys
 an orc zombie
  a dwarf zombie
  2 acid blobs
  a gas spore
  2 giant rats
  a brown mold
  a yellow mold
 17 gnomes
  3 geckos
  6 jackals
  a fox
  a kobold
  2 goblins
  2 sewer rats
  2 grid bugs
  3 bats
  4 lichens
  2 kobold zombies
  5 newts
76 creatures vanquished.

No species were genocided or became extinct.

Game over:
                       ----------
                      /          \
                     /    REST    \
                    /      IN      \
                   /     PEACE      \
                  /                  \
                  |     Anarchos     |
                  |      46 Au       |
                  |   killed by a    |
                  |   giant beetle   |
                  |                  |
                  |                  |
                  |       2026       |
                 *|     *  *  *      | *
        _________)/\\_//(\/(/\)/\//\/|_)_______

Farvel Anarchos the Valkyrie...

You died in The Gnomish Mines on dungeon level 7 with 1358 points,
and 46 pieces of gold, after 2675 moves.
You were level 5 with a maximum of 57 hit points when you died.

